IL
LOUISVILLE BATS @ IOWA CUBS
06/12/2047
 
TOP OF THE 1ST
Louisville Bats batting - Pitching for Iowa Cubs : LHP Jesse Fields
Pitching: LHP Jesse Fields
Batting: RHB Ryan Short 0-0: Called Strike
0-1: Fly out, F7 (Flyball, 7, EV 95.0 MPH)
Batting: LHB Randy Racine 0-0: Called Strike
0-1: Ground out 1-3 (Groundball, 13S, EV 66.2 MPH)
Batting: RHB Willie Cardamone 0-0: Called Strike
0-1: Ball
1-1: Ball
2-1: SINGLE (Groundball, 4D, EV 98.1 MPH)
Batting: RHB Bruno André 0-0: Swinging Strike
0-1: Ball
1-1: Ball
2-1: Called Strike
2-2: DOUBLE (Flyball, 89D, EV 99.4 MPH)
Willie Cardamone to third
Willie Cardamone scores
Batting: RHB Chase Briney 0-0: Ball
1-0: Ball
2-0: Foul Ball, location: 2F
2-1: SINGLE (Groundball, 6MD, EV 104.4 MPH)
Bruno André to third
Runner from 3rd tries for Home, SAFE, throw by CF to home
Chase Briney to second
Batting: RHB Won-jun Park 0-0: SINGLE (Groundball, 56D, EV 100.6 MPH)
Chase Briney to third
Batting: LHB Satoru Handa 0-0: Ball
1-0: Called Strike
1-1: Called Strike
1-2: Ball
2-2: Fielders Choice at 2nd, 4-6 (Groundball, 4MD, EV 88.1 MPH)
Top of the 1st over - 2 runs, 4 hits, 0 errors, 2 left on base; Louisville 2 - Iowa 0
BOTTOM OF THE 1ST
Iowa Cubs batting - Pitching for Louisville Bats : RHP Roberto Cortez
Pitching: RHP Roberto Cortez
Batting: SHB Seung-ho Zhang 0-0: Ball
1-0: Ball
2-0: Ball
3-0: Called Strike
3-1: Foul Ball, location: 2F
3-2: Foul Ball, location: 2F
3-2: Fly out, F8 (Flyball, 8LM, EV 89.4 MPH)
Batting: RHB Rich Thurman 0-0: Ball
1-0: SINGLE (Groundball, 6MD, EV 106.2 MPH)
Batting: RHB Francisco Ramirez 0-0: Ball
1-0: Called Strike
1-1: Ball
2-1: Foul Ball, location: 2F
2-2: SINGLE (Line Drive, 4MD, EV 96.9 MPH)
Rich Thurman to second
Batting: LHB Mark Ingram 0-0: Ball
1-0: Ball
2-0: Called Strike
2-1: Ball
3-1: Called Strike
3-2: Strikes out swinging
Batting: LHB Angel Oropeza 0-0: Ball
1-0: Called Strike
1-1: Foul Ball, location: 2F
1-2: Foul Ball, location: 2F
1-2: Strikes out swinging
Bottom of the 1st over - 0 runs, 2 hits, 0 errors, 2 left on base; Louisville 2 - Iowa 0
TOP OF THE 2ND
Louisville Bats batting - Pitching for Iowa Cubs : LHP Jesse Fields
Batting: LHB Jake Bill 0-0: Called Strike
0-1: SINGLE (Line Drive, 89S, EV 90.0 MPH)
Batting: RHB Colin Lord 0-0: Foul Ball, location: 2F
0-1: Called Strike
0-2: Foul Ball, location: 2F
0-2: Strikes out swinging
Batting: RHB Ryan Short 0-0: Called Strike
0-1: Called Strike
0-2: Foul Ball, location: 2F
0-2: Ball
1-2: Ball
2-2: Strikes out swinging
Batting: LHB Randy Racine 0-0: Swinging Strike
0-1: Ball
1-1: Foul Ball, location: 2F
1-2: Ball
2-2: Ball
3-2: Base on Balls
Jake Bill to second
Batting: RHB Willie Cardamone 0-0: Called Strike
0-1: Ball
1-1: Ball
2-1: Foul Ball, location: 2F
2-2: Fly out, F4 (Popup, 23, EV 78.1 MPH)
Top of the 2nd over - 0 runs, 1 hit, 0 errors, 2 left on base; Louisville 2 - Iowa 0
BOTTOM OF THE 2ND
Iowa Cubs batting - Pitching for Louisville Bats : RHP Roberto Cortez
Batting: RHB Jose Balderrama 0-0: Ball
1-0: Ball
2-0: Called Strike
2-1: Foul Ball, location: 2F
2-2: Foul Ball, location: 2F
2-2: Ball
3-2: Foul Ball, location: 2F
3-2: Strikes out swinging
Batting: RHB Sam Sours 0-0: Called Strike
0-1: Ball
1-1: Ball
2-1: Called Strike
2-2: Ground out 4-3 (Groundball, 4, EV 81.9 MPH)
Batting: RHB Tony Mendez 0-0: Ball
1-0: Foul Ball, location: 2F
1-1: Called Strike
1-2: Ball
2-2: Hit by Pitch
Batting: RHB Adam Kelliher 0-0: Called Strike
0-1: Swinging Strike
0-2: Strikes out swinging
Bottom of the 2nd over - 0 runs, 0 hits, 0 errors, 1 left on base; Louisville 2 - Iowa 0
TOP OF THE 3RD
Louisville Bats batting - Pitching for Iowa Cubs : LHP Jesse Fields
Batting: RHB Bruno André 0-0: Fly out, F8 (Flyball, 8LS, EV 85.0 MPH)
Batting: RHB Chase Briney 0-0: Ball
1-0: Fly out, F6 (Line Drive, 6M, EV 73.1 MPH)
Batting: RHB Won-jun Park 0-0: Ball
1-0: Ground out 4-3 (Groundball, 34, EV 79.4 MPH)
Top of the 3rd over - 0 runs, 0 hits, 0 errors, 0 left on base; Louisville 2 - Iowa 0
BOTTOM OF THE 3RD
Iowa Cubs batting - Pitching for Louisville Bats : RHP Roberto Cortez
Batting: SHB Seung-ho Zhang 0-0: Ball
1-0: Ball
2-0: Called Strike
2-1: Foul Ball, location: 2F
2-2: Foul Ball, location: 2F
2-2: Ground out 6-3 (Groundball, 6D, EV 98.8 MPH)
Batting: RHB Rich Thurman 0-0: Ball
1-0: Ball
2-0: Called Strike
2-1: Ball
3-1: Base on Balls
Batting: RHB Francisco Ramirez 0-0: Ball
1-0: Swinging Strike
1-1: Ball
2-1: Ball
3-1: Foul Ball, location: 2F
3-2: Strikes out swinging
Rich Thurman steals 2nd, throwing error, E2
Rich Thurman to third
Batting: LHB Mark Ingram 0-0: Ball
1-0: Called Strike
1-1: Foul Ball, location: 2F
1-2: Ball
2-2: DOUBLE (Line Drive, 78XD, EV 107.5 MPH)
Rich Thurman scores
Batting: LHB Angel Oropeza 0-0: Ball
1-0: Called Strike
1-1: Ball
2-1: SINGLE (Groundball, 4D, EV 95.0 MPH)
Mark Ingram to third
Runner from 3rd tries for Home, SAFE, throw by RF to home
Angel Oropeza to second
Batting: RHB Jose Balderrama 0-0: Ball
1-0: Fly out, F8 (Line Drive, 8LD, EV 101.2 MPH)
Bottom of the 3rd over - 2 runs, 2 hits, 1 error, 1 left on base; Louisville 2 - Iowa 2
TOP OF THE 4TH
Louisville Bats batting - Pitching for Iowa Cubs : LHP Jesse Fields
Batting: LHB Satoru Handa 0-0: Called Strike
0-1: Ball
1-1: Ground out U3 (Groundball, 34S, EV 90.6 MPH)
Batting: LHB Jake Bill 0-0: Ball
1-0: Called Strike
1-1: Ground out 4-3 (Groundball, 4S, EV 88.8 MPH)
Batting: RHB Colin Lord 0-0: SINGLE (Groundball, 34, EV 97.5 MPH)
Batting: RHB Ryan Short 0-0: Ball
1-0: Swinging Strike
1-1: Foul Ball, location: 2F
1-2: Hit by Pitch
Colin Lord to second
Batting: LHB Randy Racine 0-0: Swinging Strike
0-1: Ground out 3-1 (Groundball, 34S, EV 82.5 MPH)
Top of the 4th over - 0 runs, 1 hit, 0 errors, 2 left on base; Louisville 2 - Iowa 2
BOTTOM OF THE 4TH
Iowa Cubs batting - Pitching for Louisville Bats : RHP Roberto Cortez
Batting: RHB Sam Sours 0-0: Ball
1-0: Ground out 6-3 (Groundball, 4M, EV 91.9 MPH)
Batting: RHB Tony Mendez 0-0: Ball
1-0: Ball
2-0: Called Strike
2-1: Foul Ball, location: 2F
2-2: Ball
3-2: Strikes out swinging
Batting: RHB Adam Kelliher 0-0: Ball
1-0: Foul Ball, location: 2F
1-1: DOUBLE (Flyball, 89D, EV 106.9 MPH)
Batting: SHB Seung-ho Zhang 0-0: Ball
1-0: Ball
2-0: Foul Ball, location: 2F
2-1: Called Strike
2-2: Ball
3-2: Foul Ball, location: 2F
3-2: Foul Ball, location: 2F
3-2: DOUBLE (Line Drive, 9LM, EV 111.9 MPH)
Adam Kelliher scores
Pitching: RHP Joaquin Villalobos
Batting: RHB Rich Thurman 0-0: Called Strike
0-1: Ball
1-1: Ground out 6-3 (Groundball, 6, EV 109.4 MPH)
Bottom of the 4th over - 1 run, 2 hits, 0 errors, 1 left on base; Louisville 2 - Iowa 3
TOP OF THE 5TH
Louisville Bats batting - Pitching for Iowa Cubs : LHP Jesse Fields
Batting: RHB Willie Cardamone 0-0: Ball
1-0: Foul Ball, location: 2F
1-1: Swinging Strike
1-2: Ball
2-2: Ball
3-2: Foul Ball, location: 2F
3-2: SOLO HOME RUN (Flyball, 78XD, EV 109.4 MPH), Distance : 424 ft
Batting: RHB Bruno André 0-0: Called Strike
0-1: Ball
1-1: Ball
2-1: Ball
3-1: SINGLE (Line Drive, 6D, EV 105.6 MPH)
Batting: RHB Chase Briney 0-0: SINGLE (Flyball, 9, EV 90.0 MPH)
Bruno André to second
Bruno André to third
Batting: RHB Won-jun Park 0-0: Ball
1-0: SINGLE (Flyball, 3D, EV 90.0 MPH)
Bruno André scores
Chase Briney to second
Batting: LHB Satoru Handa 0-0: Fly out, F9 (Line Drive, 9S, EV 98.8 MPH)
Pitching: RHP Rashid bin Ala'
Batting: LHB Jake Bill 0-0: Called Strike
0-1: Fly out, F8 (Flyball, 78M, EV 91.2 MPH)
Batting: RHB Colin Lord 0-0: Ground out 1-3 (Groundball, 13S, EV 67.5 MPH)
Top of the 5th over - 2 runs, 4 hits, 0 errors, 2 left on base; Louisville 4 - Iowa 3
BOTTOM OF THE 5TH
Iowa Cubs batting - Pitching for Louisville Bats : RHP Joaquin Villalobos
Batting: RHB Francisco Ramirez 0-0: Ball
1-0: SINGLE (Groundball, 6MD, EV 100.6 MPH)
Batting: LHB Mark Ingram 0-0: Ball
1-0: Called Strike
1-1: Foul Ball, location: 2F
1-2: Strikes out swinging
Batting: LHB Angel Oropeza Pickoff Throw to First - Out! 1-3 CS
0-0: Ball
1-0: Called Strike
1-1: Ball
2-1: SINGLE (Groundball, 34D, EV 97.5 MPH)
Batting: RHB Jose Balderrama 0-0: Called Strike
0-1: Foul Ball, location: 2F
0-2: Ball
1-2: Fly out, F8 (Flyball, 8LD, EV 93.8 MPH)
Bottom of the 5th over - 0 runs, 2 hits, 0 errors, 1 left on base; Louisville 4 - Iowa 3
TOP OF THE 6TH
Louisville Bats batting - Pitching for Iowa Cubs : RHP Rashid bin Ala'
Batting: RHB Ryan Short 0-0: Ball
1-0: Ground out 5-3 (Groundball, 56, EV 100.6 MPH)
Batting: LHB Randy Racine 0-0: Ball
1-0: Foul Ball, location: 2F
1-1: Foul Ball, location: 2F
1-2: Ball
2-2: Fly out, F8 (Flyball, 8RS, EV 86.2 MPH)
Batting: RHB Willie Cardamone 0-0: Ball
1-0: Fly out, F7 (Flyball, 7LMF, EV 84.4 MPH)
Top of the 6th over - 0 runs, 0 hits, 0 errors, 0 left on base; Louisville 4 - Iowa 3
BOTTOM OF THE 6TH
Iowa Cubs batting - Pitching for Louisville Bats : RHP Joaquin Villalobos
Batting: RHB Sam Sours 0-0: Ball
1-0: Foul Ball, location: 2F
1-1: Ground out 6-3 (Groundball, 56, EV 85.6 MPH)
Batting: RHB Tony Mendez 0-0: Ball
1-0: Ball
2-0: Ball
3-0: Called Strike
3-1: Foul Ball, location: 2F
3-2: Foul Ball, location: 2F
3-2: Base on Balls
Batting: RHB Adam Kelliher 0-0: SINGLE (Line Drive, 89M, EV 92.5 MPH)
Tony Mendez to second
Batting: SHB Seung-ho Zhang 0-0: Swinging Strike
0-1: Ball
1-1: Called Strike
1-2: Ball
2-2: Foul Ball, location: 2F
2-2: Ball
3-2: Ground out 5-3 (Groundball, 5, EV 76.9 MPH)
Tony Mendez to third
Adam Kelliher to second
Batting: RHB Rich Thurman 0-0: Ball
1-0: Ball
2-0: Ground out 1-3 (Groundball, 13, EV 68.1 MPH)
Bottom of the 6th over - 0 runs, 1 hit, 0 errors, 2 left on base; Louisville 4 - Iowa 3
TOP OF THE 7TH
Louisville Bats batting - Pitching for Iowa Cubs : RHP Rashid bin Ala'
Batting: RHB Bruno André 0-0: Fly out, F9 (Line Drive, 9LM, EV 109.4 MPH)
Batting: RHB Chase Briney 0-0: Ball
1-0: Ball
2-0: Fly out, F8 (Flyball, 89D, EV 86.2 MPH)
Batting: RHB Won-jun Park 0-0: Ball
1-0: Ball
2-0: Foul Ball, location: 2F
2-1: Foul Ball, location: 2F
2-2: Ball
3-2: Strikes out swinging, 2-3 out at first.
Top of the 7th over - 0 runs, 0 hits, 0 errors, 0 left on base; Louisville 4 - Iowa 3
BOTTOM OF THE 7TH
Iowa Cubs batting - Pitching for Louisville Bats : RHP Joaquin Villalobos
Pitching: RHP Justin Ambrose
Batting: RHB Francisco Ramirez 0-0: Foul Ball, location: 2F
0-1: Foul Ball, location: 2F
0-2: Ball
1-2: Strikes out looking
Batting: LHB Mark Ingram 0-0: Ball
1-0: Ball
2-0: Fly out, F8 (Flyball, 89D, EV 107.5 MPH)
Batting: LHB Angel Oropeza 0-0: Ball
1-0: Called Strike
1-1: Foul Ball, location: 2F
1-2: Strikes out looking
Bottom of the 7th over - 0 runs, 0 hits, 0 errors, 0 left on base; Louisville 4 - Iowa 3
TOP OF THE 8TH
Louisville Bats batting - Pitching for Iowa Cubs : RHP Rashid bin Ala'
Batting: LHB Satoru Handa 0-0: Foul Ball, location: 2F
0-1: Ground out 1-3 (Groundball, 15S, EV 65.6 MPH)
Batting: LHB Jake Bill 0-0: Ball
1-0: Foul Ball, location: 2F
1-1: Foul Ball, location: 2F
1-2: Ball
2-2: Ball
3-2: Base on Balls
Batting: RHB Colin Lord 0-0: Fielders Choice at 2nd, 6-4 (Groundball, 6, EV 98.1 MPH)
Batting: RHB Ryan Short 0-0: Ball
1-0: Called Strike
1-1: Fielders Choice at 2nd, U4 (Groundball, 4M, EV 93.1 MPH)
Top of the 8th over - 0 runs, 0 hits, 0 errors, 1 left on base; Louisville 4 - Iowa 3
BOTTOM OF THE 8TH
Iowa Cubs batting - Pitching for Louisville Bats : RHP Justin Ambrose
Batting: RHB Jose Balderrama 0-0: Foul Ball, location: 2F
0-1: Ball
1-1: Ball
2-1: Fly out, F8 (Flyball, 78D, EV 85.0 MPH)
Pinch Hitting: LHB Barend van der Kamp 0-0: Foul Ball, location: 2F
0-1: Ball
1-1: Ball
2-1: Foul Ball, location: 2F
2-2: Ball
3-2: Base on Balls
Batting: RHB Tony Mendez 0-0: Swinging Strike
0-1: Ball
1-1: Grounds into double play, 6-4-3 (Groundball, 6, EV 83.1 MPH)
Bottom of the 8th over - 0 runs, 0 hits, 0 errors, 0 left on base; Louisville 4 - Iowa 3
TOP OF THE 9TH
Louisville Bats batting - Pitching for Iowa Cubs : RHP Rashid bin Ala'
Now in LF: Barend van der Kamp
Now in CF: Seung-ho Zhang
Batting: LHB Randy Racine 0-0: Foul Ball, location: 2F
0-1: Swinging Strike
0-2: Ball
1-2: Strikes out swinging
Batting: RHB Willie Cardamone 0-0: Ball
1-0: Ball
2-0: Called Strike
2-1: Foul Ball, location: 2F
2-2: Fly out, F8 (Flyball, 8RD, EV 105.0 MPH)
Batting: RHB Bruno André 0-0: Swinging Strike
0-1: Ball
1-1: Foul Ball, location: 2F
1-2: Ball
2-2: Ball
3-2: Base on Balls
Batting: RHB Chase Briney 0-0: Foul Ball, location: 2F
0-1: Ball
Bruno André is caught stealing 2nd base 2-4
Top of the 9th over - 0 runs, 0 hits, 0 errors, 0 left on base; Louisville 4 - Iowa 3
BOTTOM OF THE 9TH
Iowa Cubs batting - Pitching for Louisville Bats : RHP Justin Ambrose
Pitching: RHP Robbie Delgado
Batting: RHB Adam Kelliher 0-0: Ball
1-0: Ball
2-0: Ball
3-0: Called Strike
3-1: Foul Ball, location: 2F
3-2: Base on Balls
Batting: SHB Seung-ho Zhang 0-0: Ball
1-0: Ball
2-0: Fly out, F7 (Flyball, 7, EV 88.8 MPH)
Batting: RHB Rich Thurman 0-0: Ball
1-0: Swinging Strike
1-1: Ball
2-1: Swinging Strike
2-2: Strikes out swinging
Batting: RHB Francisco Ramirez 0-0: Foul Ball, location: 2F
0-1: Foul Ball, location: 2F
0-2: Strikes out swinging
Bottom of the 9th over - 0 runs, 0 hits, 0 errors, 1 left on base; Louisville 4 - Iowa 3
Thursday, December 15th , 2022 - OOTP Baseball 23.9 Build 102